 Dungeon Crawl Stone Soup version 0.31-a0-986-g5e6e4ef867 (webtiles) character file.

Game seed: 7343467487741655965

217 Sanktem7 the Chopper (level 5, -7/47 HPs)
             Began as a Minotaur Fighter on Nov 10, 2023.
             Mangled by Duvessa
             ... wielding a +4 rapier
              (12 damage)
             ... on level 4 of the Dungeon.
             The game lasted 00:03:48 (2448 turns).

Sanktem7 the Chopper (Minotaur Fighter)             Turns: 2448, Time: 00:03:48

Health: -7/47      AC:  9    Str: 23    XL:     5   Next: 62%
Magic:  4/4        EV:  9    Int:  5    God:
Gold:   222        SH:  4    Dex:  9    Spells: 4/4 levels left

rFire   . . .        a - +0 war axe {axe}
rCold   . . .        c - +0 buckler
rNeg    + . .        b - +0 scale mail
rPois   .            (helmet restricted)
rElec   .            h - +1 cloak
rCorr   .            (no gloves)
SInv    .            (no boots)
Will    .....        (no amulet) Stlth
                     o - ring of positive energy
HPRegen 0.27/turn    (no ring)
MPRegen 0.09/turn

%: no passive effects
@: no status effects
A: horns 2, retaliatory headbutt
a: no special abilities


You were on level 4 of the Dungeon.
You visited 1 branch of the dungeon, and saw 4 of its levels.

You collected 222 gold pieces.


Innate Abilities, Weirdness & Mutations

You have a pair of horns on your head.
You reflexively headbutt those who attack you in melee.


   Skills:
 + Level 4.7 Fighting
 * Level 4.8 Axes
 + Level 1.0 Throwing
 + Level 4.6 Armour
 + Level 4.6 Shields


You had 4 spell levels left.
You didn't know any spells.
Your spell library contained the following spells:

 Spells                   Type           Power      Damage    Failure   Level
 Magic Dart               Conj           0%         1d3       83%         1
 Call Imp                 Summ           0%         N/A       93%         2
 Mephitic Cloud           Conj/Pois/Air  0%         N/A       99%         3
 Tukima's Dance           Hex            0%         N/A       99%         3
 Passage of Golubria      Tloc           0%         N/A       100%        4
 Yara's Violent Unravell  Hex/Tmut       0%         3d3       100%        5

Inventory:

Hand Weapons
 a - a +0 war axe (weapon) {axe}
Missiles
 k - 24 stones {throwing}
 m - 6 poisoned darts {throwing}
Armour
 b - a +0 scale mail (worn)
 c - a +0 buckler (worn)
 h - a +1 cloak (worn)
   (You found it on level 1 of the Dungeon)
 u - an orb of light
   (You found it on level 3 of the Dungeon)
Magical Staves
 n - a staff of earth {!astaff}
   (You found it on level 3 of the Dungeon)
 t - a staff of death {!astaff}
   (You found it on level 3 of the Dungeon)
 v - a staff of air {!astaff}
   (You found it on level 3 of the Dungeon)
Jewellery
 o - a ring of positive energy (left hand)
   (You found it on level 2 of the Dungeon)
Scrolls
 f - 2 scrolls of identify {unknown}
 g - a scroll of vulnerability {unknown}
 i - a scroll of butterflies {unknown}
 q - a scroll of teleportation {unknown}
Potions
 d - a potion of might
 e - a potion of heal wounds {unknown}
 j - a potion of haste {unknown}
 l - 2 potions of lignification {unknown}
 p - a potion of brilliance {unknown}
 r - 2 potions of berserk rage {unknown}
 s - a potion of curing {unknown}
 w - a potion of ambrosia {unknown}

Dungeon Overview and Level Annotations

Branches:
Dungeon (4/15) Zot: 21499
 Temple: D:4-7

Altars:
Nemelex Xobeh

Shops:
D:2 *   D:3 *   D:4 (

Annotations:
D:4 Dowan, Duvessa

#..............#
#..............##
#..................
####........####.#.#..
#...........# #.#.# .
#.......##### #.# #
#.......# #.#.#
#.......########.#.#
#.......+....ยงe@.e.#
#.......########.###
#.......# #......#
#.......###.######
#.#...โ€ โ€ .##.#
##.#......##.##
.#....).....[.#
..............#
..............##


You could see Duvessa and Dowan.


Message History

๐Ÿ˜ฎ HP[+1]
A hobgoblin comes into view.
The hobgoblin shouts!
A ball python comes into view.
The ball python hisses angrily. ๐Ÿ˜ฎ HP[+1]
A ball python comes into view.
The ball python hisses angrily.
The hobgoblin hits you but does no damage.
You slash the ball python!
You kill the ball python!
You hit the hobgoblin. The hobgoblin barely misses you.
You furiously retaliate!
You headbutt the hobgoblin!
You kill the hobgoblin!
You see here a ball python corpse.
You see here a hobgoblin corpse. ๐Ÿ˜ฎ HP[+1]
You slash the ball python!
You kill the ball python! ๐Ÿ˜ฎ HP[+1] ๐Ÿ˜ฎ HP[+1]
You open the door.
Found Darunnedo's Weapon Shoppe.
There is an open door here. ๐Ÿ˜ฎ HP[+1]
There is an entrance to Darunnedo's Weapon Shoppe here. ๐Ÿ˜• HP[+1]
There is an open door here.
You hear the slow rusting of a distant drain. ๐Ÿ˜• HP[+1]
You see here a +0 ring mail.
You now have 209 gold pieces (gained 6). ๐Ÿ˜• HP[+1] ๐Ÿ˜• HP[+1] ๐Ÿ˜• HP[+1] ๐Ÿ˜• HP[+1] ๐Ÿ˜• HP[+1] ๐Ÿ˜• HP[+1]
k - 24 stones {throwing} (gained 6)
You now have 217 gold pieces (gained 8). ๐Ÿ˜• HP[+1] ๐Ÿ˜• HP[+1]
A hound comes into view.
The hound barks! ๐Ÿ˜• HP[+1]
You slash the hound! You block the hound's attack.
The hound closely misses you.
You slash the hound!
You kill the hound!
Your Throwing skill increases to level 1! ๐Ÿ˜Ž HP[+1]
Your hp is fully restored (47).
You open the door.
There is an open door here.
Found a sparkling altar of Nemelex Xobeh.
You now have 222 gold pieces (gained 5).
You hear the slow rusting of a very distant drain.
You open the door.
There is an open door here.
Found a rapier.
Found a stone staircase leading down.
You see here a +0 quarterstaff {staff}.
You hear the slow rusting of a distant drain.
You see here a +0 ring mail.
Duvessa and Dowan come into view.
Dowan is wielding a +0 dagger and wearing a +2 robe of fire resistance.
Duvessa shouts!
Dowan shouts!
Dowan smirks and points a slender finger.
Dowan hits you but does no damage.
You hit Dowan. Dowan hits you but does no damage.
You closely miss Dowan. Dowan hits you but does no damage.
You miss Dowan.
Dowan points at you and mumbles some strange words.
You resist with some effort.
You hit Duvessa.
Dowan says, "Magic and the sword, together, will defeat you."
You block Duvessa's attack.
You hit Duvessa but do no damage. Your headbutt misses Duvessa.
Duvessa hits you with a +4 rapier. ๐Ÿ˜• HP[-1]
You take 1 damage, and now have 46/47 hp.
You completely miss Duvessa. Duvessa hits you with a +4 rapier.
Duvessa hits you with a +4 rapier! ๐Ÿ˜ฎ HP[-20]
You take 20 damage, and now have 26/47 hp.
MASSIVE DAMAGE!! (PAUSE)
You closely miss Duvessa.
Duvessa hits you but does no damage. ๐Ÿ˜ฎ HP[+1]
You closely miss Duvessa. You headbutt Duvessa.
Dowan casts a spell.
Dowan blinks!
Duvessa hits you with a +4 rapier!
* * * LOW HITPOINT WARNING * * *
๐Ÿ˜จ HP[-9]
You take 9 damage, and now have 18/47 hp.
You hit Duvessa but do no damage. Your headbutt misses Duvessa.
Dowan points at you and mumbles some strange words.
The puff of flame hits you!
* * * LOW HITPOINT WARNING * * *
Duvessa says, "Practise, practise, practise!
One day you'll be as good as me." Duvessa hits you with a +4 rapier!
You die...

Skill      XL: |  1  2  3  4  5 |
---------------+----------------+-----
Axes           | 3 4 |  4.8
Fighting       | 4 |  4.7
Armour         | 4 |  4.6
Shields        | 4 |  4.6
Throwing       | 1 |  1.0

Action                     |  1- 3 |  4- 6 || total
---------------------------+-------+-------++-------
  Melee: War axe           |    51 |   109 ||   160
         Headbutt          |     6 |    20 ||    26
 Armour: Scale mail        |    24 |    73 ||    97
  Dodge: Dodged            |    19 |    44 ||    63
  Block: Buckler           |    13 |    23 ||    36

Levels and vault maps discovered:
D:1:      roderic_chinese_lattice_arrival, layout_basic,
          hellmonk_ecumenical_altar_leap_of_faith
D:2:      layout_loops_ring, serial_shops, shop, uniq_jessica,
          uniq_crazy_yiuf_cottage
D:3:      layout_loops_ring, serial_shops, nicolae_shop_overgrown_old_shop
D:4:      layout_basic, mainiacjoe_overflow_six_doors_small, serial_shops,
          kennysheep_little_box, gup_sewer_entry_glass, uniq_duvessa

Notes
Turn   | Place    | Note
-------+----------+-------------------------------------------
     0 | D:1      | Sanktem7 the Minotaur Fighter began the quest for the Orb.
     0 | D:1      | Reached XP level 1. HP: 19/19 MP: 0/0
     0 | D:1      | magus.rc [v1.9.6]
    10 | D:1      | You pick up a book of Minor Magic and begin reading...
    10 | D:1      | You add the spells Magic Dart, Call Imp and Mephitic Cloud
                  | to your library.
   167 | D:1      | Reached XP level 2. HP: 27/27 MP: 1/1
   219 | D:1      | Found a faded altar of an unknown god.
   256 | D:1      | Reached skill level 3 in Axes
   493 | D:2      | Reached skill level 4 in Fighting
   493 | D:2      | Reached skill level 4 in Armour
   493 | D:2      | Reached skill level 4 in Shields
   493 | D:2      | Reached XP level 3. HP: 33/33 MP: 2/2
   752 | D:2      | Found Meummuuz's General Store.
   756 | D:2      | Noticed Jessica
   769 | D:2      | Killed Jessica
   770 | D:2      | Reached XP level 4. HP: 25/40 MP: 3/3
   858 | D:2      | Reached skill level 4 in Axes
  1179 | D:2      | Found a runed translucent door.
  1180 | D:2      | Noticed Crazy Yiuf
  1385 | D:2      | Killed Crazy Yiuf
  1624 | D:3      | You add the spells Tukima's Dance, Passage of Golubria and
                  | Yara's Violent Unravelling to your library.
  1764 | D:3      | Found Lumaru's Assorted Antiques.
  1985 | D:3      | Reached XP level 5. HP: 47/47 MP: 4/4
  2317 | D:4      | Found Darunnedo's Weapon Shoppe.
  2363 | D:4      | Reached skill level 1 in Throwing
  2370 | D:4      | Found a sparkling altar of Nemelex Xobeh.
  2438 | D:4      | Noticed Duvessa
  2438 | D:4      | Noticed Dowan
  2448 | D:4      | HP: 5/47 [Dowan/puff of flame (13)]
  2448 | D:4      | Mangled by Duvessa

Vanquished Creatures
  A hound (D:4)
  Crazy Yiuf (D:2)
  Jessica (D:2)
  An iguana (D:4)
  4 adders
  3 dart slugs
  2 worms
  5 ball pythons
  A bat (D:2)
  7 endoplasms
  4 giant cockroaches
  5 goblins
  10 hobgoblins
  3 kobolds
  4 quokkas
  3 frilled lizards
  2 rats (D:1)
57 creatures vanquished.

Table legend:
 A = Non-vault XP
 B = Vault XP
 C = Vault XP percentage of total XP
 D = Non-vault monster count
 E = Vault monster count
 F = Vault count percentage of total count
                 A         B        C        D         E       F
            +---------+---------+-------+---------+---------+-------
      Total |     234 |      77 |  24.8 |      55 |       2 |   3.5
            +---------+---------+-------+---------+---------+-------
        D:1 |      28 |       0 |   0.0 |      14 |       0 |   0.0
        D:2 |      69 |      77 |  52.7 |      17 |       2 |  10.5
        D:3 |      48 |       0 |   0.0 |      16 |       0 |   0.0
        D:4 |      89 |       0 |   0.0 |       8 |       0 |   0.0
            +---------+---------+-------+---------+---------+-------

Skill      XL: |  1  2  3  4  5 |
---------------+----------------+-----
Axes           | 3 4 |  4.8
Fighting       | 4 |  4.7
Armour         | 4 |  4.6
Shields        | 4 |  4.6
Throwing       | 1 |  1.0

Action                     |  1- 3 |  4- 6 || total
---------------------------+-------+-------++-------
  Melee: War axe           |    51 |   109 ||   160
         Headbutt          |     6 |    20 ||    26
 Armour: Scale mail        |    24 |    73 ||    97
  Dodge: Dodged            |    19 |    44 ||    63
  Block: Buckler           |    13 |    23 ||    36

Illustrated notes

Table legend:
 A = Kills in this place as a percentage of kills in the entire game.
 B = Kills by you in this place as a percentage of kills by you in the entire game.
 C = Kills by friends in this place as a percentage of kills by friends in the entire game.
 D = Other kills in this place as a percentage of other kills in the entire game.
 E = Experience gained in this place as a percentage of experience gained in the entire game.
 F = Experience gained in this place divided by the number of levels of this place that you have seen.
                   A       B       C       D       E      F
               +-------+-------+-------+-------+-------+----------------------
         Total | 100.0 | 100.0 |   N/A |   N/A | 100.0 |  77.8
       Dungeon | 100.0 | 100.0 |   N/A |   N/A | 100.0 |  77.8
               +-------+-------+-------+-------+-------+----------------------

Table legend: (Time is in decaauts)
 A = Elapsed time spent in this place.
 B = Non-inter-level travel time spent in this place.
 C = Inter-level travel time spent in this place.
 D = Time resting spent in this place.
 E = Time spent auto-exploring this place.
 F = Levels seen in this place.
 G = Mean time per level.
                   A        B        C        D        E       F      G
               +--------+--------+--------+--------+--------+-----+--------+
         Total |   2499 |   2437 |     62 |      0 |   1858 |   4 |  624.8 |
       Dungeon |   2499 |   2437 |     62 |      0 |   1858 |   4 |  624.8 |
               +--------+--------+--------+--------+--------+-----+--------+

Top non-repeatable levels by time:
     D:2: 1041 daAuts
     D:3: 742 daAuts
     D:1: 491 daAuts
     D:4: 224 daAuts
